Map: Catalyst LE

Players

Vlign - Winner!

  • Race: Terran Terran
  • League: Diamond
  • Spawn Location: 5:00

ChaosEnergy

  • Race: Zerg Zerg
  • League: Diamond
  • Spawn Location: 11:00

VOD

Have the link to the VOD?

Description

Time

  • Played on: July 21, 2018, 1:07 a.m.
  • Length: 19:20
Show
View Real Time Build Order
Export as new Build Order

Vlign Terran - Winner!

Build Orders: MMM Bio 

Get SALT Encoding   

  12  0:01  SCV  
  13  0:13  SCV  
  14  0:21  Supply Depot  
  14  0:25  SCV  
  15  0:30  Refinery  
  15  0:43  SCV  
  15  0:47  Barracks  
  16  0:56  SCV  
  17  1:00  Refinery  
  17  1:09  SCV  
  18  1:29  SCV  
  19  1:35  Reaper  
  19  1:38  Supply Depot  
  20  1:47  Orbital Command  
  20  1:56  Factory  
  20  2:08  Barracks Reactor  
  21  2:21  Command Center  
  20  2:23  SCV  
  21  2:35  SCV  
  22  2:48  SCV  
  25  3:00  SCV  
  24  3:12  Ghost Academy  
  24  3:13  SCV  
  24  3:17  Hellion x2  
  29  3:20  Engineering Bay  
  29  3:24  Barracks Tech Lab  
  29  3:25  SCV  
  30  3:35  Refinery  
  30  3:37  Orbital Command  
  30  3:38  Cyclone x2  
  36  3:42  SCV  
  37  3:54  SCV  
  38  4:06  SCV x2  
  38  4:09  Ghost  
  42  4:11  Cyclone  
  45  4:18  SCV  
  46  4:37  SCV  
  46  5:09  Ghost  
  44  5:16  SCV  
  44  5:17  Refinery  
  45  5:23  SCV, Barracks  
  45  5:24  Personal Cloaking, Command Center, Barracks  
  45  5:25  Barracks x2  
  46  5:31  Supply Depot  
  46  5:33  Supply Depot  
  46  5:53  SCV x2, Cyclone x2  
  56  6:03  Supply Depot  
  56  6:05  SCV  
  56  6:07  SCV  
  58  6:13  Factory, Barracks Tech Lab x2  
  58  6:14  Barracks Reactor x2  
  58  6:17  SCV  
  57  6:35  Combat Shields, Stimpack  
  57  6:36  Ghost x2  
  57  6:38  Orbital Command  
  61  6:41  Supply Depot, Ghost  
  61  6:46  Marine  
  64  6:48  Cyclone  
  64  6:51  SCV  
  68  6:56  Widow Mine  
  68  6:58  Marine  
  68  6:59  Marine  
  68  7:00  Factory Tech Lab  
  72  7:05  SCV x2  
  72  7:07  Nuke  
  74  7:15  Ghost Academy  
  74  7:27  Siege Tank  
  77  7:31  Marine x2, Marauder  
  81  7:41  Starport  
  81  7:42  Supply Depot  
  81  7:48  Marine, Factory Tech Lab  
  81  7:49  Marauder  
  81  7:50  Marine, Barracks Reactor, Marauder  
  87  7:52  Orbital Command  
  87  8:05  SCV x2  
  89  8:13  Marine  
  89  8:14  Marine  
  89  8:17  Siege Tank  
  99  8:26  Medivac x2  
  98  8:28  Marine, Marauder  
  98  8:32  Supply Depot  
  98  8:33  Supply Depot  
  101  8:34  Marine, Marauder  
  104  9:15  Medivac  
  104  9:16  Siege Tank, Medivac  
  104  9:17  Siege Tank  
  82  9:50  Nuke x2  
  82  9:51  Ghost x2, Marine x2  
  82  9:52  Siege Tank, Marine x2  
  93  10:07  Marine  
  93  10:08  Siege Tank  
  93  10:11  SCV x2  
  95  10:26  Marine x3  
  95  10:27  Marauder x3  
  104  10:32  Orbital Command  
  91  10:38  Marine  
  91  10:39  Siege Tank  
  91  10:41  SCV x2  
  97  10:43  Marine  
  97  10:44  Marine  
  97  10:47  Ghost  
  92  11:04  Refinery  
  92  11:07  SCV x2  
  92  11:10  SCV  
  91  11:11  Refinery  
  91  11:12  Ghost, Marine x2  
  91  11:13  Ghost, Siege Tank, Marine x2  
  102  11:19  SCV  
  102  11:22  SCV  
  102  11:23  SCV  
  105  11:29  Ghost  
  105  11:31  SCV, Medivac  
  110  11:43  Missile Turret  
  110  11:49  Marine  
  110  11:50  Ghost, Marine x2  
  115  11:56  Command Center  
  115  11:57  Armory  
  115  11:58  Supply Depot  
  115  12:00  Terran Infantry Weapons Level 1, Missile Turret  
  111  12:03  Engineering Bay  
  111  12:05  Missile Turret  
  100  12:10  SCV x2  
  100  12:14  SCV  
  103  12:22  SCV x2  
  103  12:26  SCV  
  104  12:31  Medivac  
  104  12:34  Viking  
  104  12:35  Ghost x2, Marine x4  
  104  12:36  Ghost  
  118  12:41  Terran Infantry Armor Level 1  
  118  12:49  Command Center  
  115  13:07  Ghost  
  115  13:08  Marine x3  
  120  13:12  Ghost  
  120  13:13  Marine x2  
  132  13:20  Thor  
  132  13:22  Medivac  
  132  13:26  Supply Depot, Marine  
  132  13:27  Supply Depot  
  133  13:28  Supply Depot  
  133  13:29  Supply Depot, Thor, Viking  
  141  13:35  Command Center  
  139  13:50  Nuke x2  
  139  13:51  Terran Vehicle Weapons Level 1  
  139  14:05  Thor  
  139  14:06  Medivac, Viking  
  139  14:07  Marine x4  
  139  14:08  Marauder x3  
  122  14:32  Ghost x2  
  122  14:33  Marine x4  
  126  14:52  Ghost, Marine x4  
  126  14:53  Siege Tank  
  126  14:55  Medivac  
  132  15:01  Ghost  
  132  15:03  Refinery  
  134  15:07  Refinery  
  134  15:08  Marauder  
  134  15:09  Siege Tank  
  134  15:13  Terran Infantry Weapons Level 2  
  139  15:20  SCV x3  
  144  15:21  Marauder  
  144  15:32  SCV  
  139  15:41  SCV  
  141  15:43  Planetary Fortress  
  141  15:44  Terran Infantry Armor Level 2  
  141  15:46  Marine x2, Marauder  
  141  15:47  Marine, Marauder  
  141  15:49  Siege Tank  
  150  15:54  Widow Mine  
  150  15:55  Medivac  
  154  16:02  Terran Vehicle And Ship Armor Level 1  
  154  16:03  SCV  
  154  16:04  SCV  
  156  16:08  Command Center  
  156  16:09  Marine  
  157  16:15  Starport  
  157  16:21  SCV x2, Liberator  
  157  16:22  SCV, Liberator  
  157  16:25  Marine x3, Marauder  
  165  16:26  Marauder  
  165  16:31  Thor  
  173  16:33  Ghost  
  157  17:18  SCV x2  
  141  18:16  Ghost, Marine x4  
  141  18:17  Thor, Siege Tank, Marine x2  
  141  18:19  Medivac, Viking  
  162  18:23  Starport Reactor  
  162  18:27  Planetary Fortress  
  162  18:29  Missile Turret  
  157  18:35  Ghost x2, Marine  
  157  18:36  Marine x2  
  158  18:51  Refinery, Missile Turret  
  147  18:56  Refinery, Marine x2  
Show
View Real Time Build Order
Export as new Build Order

ChaosEnergy Zerg 

Build Orders: Pool First, Muta Ling Bane 

Get SALT Encoding   

  12  0:17  Overlord  
  12  0:18  Drone  
  12  0:19  Drone  
  14  0:36  Drone  
  14  0:39  Drone  
  16  0:50  Drone  
  16  0:51  Spawning Pool  
  16  1:13  Hatchery  
  16  1:16  Drone  
  16  1:18  Extractor  
  15  1:21  Drone  
  16  1:34  Drone  
  16  1:35  Drone  
  16  1:39  Queen  
  20  1:44  Zergling x2  
  21  1:55  Overlord  
  21  2:22  Drone  
  22  2:23  Queen  
  23  2:37  Queen  
  25  2:45  Metabolic Boost  
  25  2:50  Drone x6  
  31  2:59  Roach Warren  
  30  3:11  Overlord  
  30  3:25  Overlord x2  
  30  3:31  Lair  
  30  3:51  Hatchery, Drone x5  
  34  4:16  Queen  
  36  4:19  Overlord  
  30  5:00  Zergling x18  
  39  5:15  Glial Reconstitution  
  39  5:35  Extractor  
  39  5:38  Drone  
  39  5:39  Drone x5  
  39  5:42  Drone  
  45  5:43  Drone x2  
  47  5:50  Extractor  
  47  5:51  Extractor  
  45  6:03  Drone x5  
  50  6:05  Hatchery  
  49  6:26  Evolution Chamber  
  49  6:29  Evolution Chamber  
  49  6:30  Spire  
  46  6:35  Overseer  
  46  6:37  Drone  
  46  6:38  Drone x12  
  59  6:55  Zerg Melee Weapons Level 1  
  59  6:56  Zerg Ground Armor Level 1  
  59  7:22  Baneling Nest  
  58  7:29  Hydralisk Den  
  57  7:34  Drone x6  
  57  7:35  Overlord  
  57  7:36  Overlord x4  
  63  7:55  Pneumatized Carapace  
  63  8:03  Mutalisk x4  
  71  8:08  Extractor  
  71  8:09  Zergling x2  
  71  8:10  Zergling x28  
  71  8:12  Baneling x2  
  84  8:22  Baneling  
  84  8:23  Baneling x5  
  85  8:30  Zergling x14  
  85  8:31  Zergling x2  
  93  8:34  Hydralisk  
  95  8:44  Centrifical Hooks  
  95  8:47  Overlord x2  
  91  9:09  Overlord x4  
  77  9:26  Overseer  
  75  9:43  Overseer x2  
  73  9:54  Zergling x32  
  86  10:13  Queen  
  86  10:26  Zerg Ground Armor Level 2, Zerg Melee Weapons Level 2  
  86  10:28  Drone x14  
  77  11:08  Zergling x24  
  87  11:15  Baneling x7  
  87  11:20  Extractor  
  87  11:21  Extractor  
  85  11:34  Infestation Pit, Mutalisk x2  
  85  11:39  Hatchery x2  
  75  12:02  Extractor  
  75  12:04  Hatchery  
  64  12:11  Zergling x2  
  64  12:12  Zergling x36  
  83  12:16  Hive  
  83  12:18  Hatchery  
  82  12:24  Drone x3  
  85  13:11  Overlord x3  
  85  13:12  Overlord  
  85  13:13  Overseer x4  
  85  13:14  Overseer  
  85  13:29  Drone x2  
  85  13:30  Drone x9  
  96  13:40  Baneling x14  
  94  13:50  Zergling x34  
  112  13:57  Ultralisk Cavern  
  110  14:08  Zergling x6  
  113  14:10  Zergling x6  
  90  14:49  Mutalisk  
  90  14:50  Mutalisk x4  
  100  14:56  Chitinous Plating  
  100  14:58  Adrenal Glands  
  100  15:03  Drone x9  
  100  15:04  Drone  
  110  15:18  Ultralisk  
  111  15:40  Zergling x10  
  111  15:42  Baneling x5  
  116  15:45  Overlord x2  
  116  15:46  Overlord x2  
  116  15:51  Zerg Melee Weapons Level 3  
  116  16:02  Extractor  
  115  16:21  Hatchery  
  115  16:22  Ultralisk x2  
  115  16:23  Overlord  
  115  16:24  Overlord x4  
  115  16:25  Zergling x2  
  127  16:33  Extractor  
  127  16:36  Extractor  
  127  16:38  Zergling x16  
  127  16:39  Zergling x18  
  117  16:49  Extractor, Zergling x10  
  117  16:51  Extractor  
  103  16:57  Baneling  
  103  16:58  Baneling x2  
  103  16:59  Zergling x8  
  103  17:00  Extractor  
  106  17:03  Extractor  
  104  17:11  Corruptor x6  
  116  17:19  Zergling x14  
  101  17:57  Drone x13  
  101  17:58  Drone  
  108  18:04  Greater Spire  
  92  18:05  Overseer  
  92  18:09  Zergling x14  
  82  18:27  Zergling x14  
  68  18:39  Zergling x8  
Tags
 
Matchup
TvZ
Opening
Pool First
Replay Pack
replaypack1
Spawn Locations
Cross Positions
Add a new tag
Caveats
  • Supply blocks, unpowered buildings, or Contaminate may cause inaccurate times.
  • Supply counts are checked every 10 seconds.